 Dungeon Crawl Stone Soup version 0.30.0-10-gfe55d96785 (webtiles) character file.

Game seed: 6969159071222549359

170 gelatine the Trooper (level 5, -1/38 (41) HPs)
             Began as a Demonspawn Fighter on May 14, 2023.
             Killed from afar by an orc wizard (8 damage)
             ... with a puff of flame
             ... on level 4 of the Dungeon.
             The game lasted 00:05:53 (2217 turns).

gelatine the Trooper (Demonspawn Fighter)           Turns: 2217, Time: 00:05:53

HP:   -1/38 (41)    AC: 11    Str: 18    XL:     5   Next: 25%
MP:   6/6           EV:  5    Int: 10    God:
Gold: 215           SH:  4    Dex: 12    Spells: 6/6 levels left

rFire   . . .        a - +0 war axe
rCold   . . .        c - +0 buckler
rNeg    . . .        j - +0 plate armour
rPois   .            (helmet restricted)
rElec   .            (no cloak)
rCorr   .            (no gloves)
SInv    .            (no boots)
Will    +....        (no amulet) Stlth
                     n - ring of willpower
HPRegen 0.26/turn    (no ring)
MPRegen 0.10/turn

%: no passive effects
@: drained
A: antennae 2, claws 1, hooves 1
a: no special abilities


You were on level 4 of the Dungeon.
You visited 1 branch of the dungeon, and saw 4 of its levels.

You collected 215 gold pieces.

Inventory:

Hand Weapons
 a - a +0 war axe (weapon)
Missiles
 p - 6 boomerangs (quivered)
Armour
 b - a +0 scale mail
 c - a +0 buckler (worn)
 f - a +0 leather armour
 g - a +0 ring mail
 j - a +0 plate armour (worn)
Jewellery
 n - a ring of willpower (left claw)
Wands
 t - a wand of flame (11)
Scrolls
 e - a scroll of poison {unknown}
 h - 2 scrolls of identify {unknown}
 k - a scroll of enchant armour {unknown}
 l - a scroll of fog {unknown}
 m - a scroll of enchant weapon {unknown}
 o - 2 scrolls of teleportation {unknown}
 r - a scroll of butterflies {unknown}
 s - a scroll of acquirement {unknown}
Potions
 d - 2 potions of might
 i - a potion of haste {unknown}
 q - a potion of degeneration {unknown}


   Skills:
 * Level 3.5 Fighting
 * Level 3.1 Axes
 * Level 3.2 Armour
 * Level 0.7 Dodging
 + Level 1.1 Stealth
 * Level 3.2 Shields
 + Level 1.1 Spellcasting
 * Level 0.1 Evocations


You had 6 spell levels left.
You didn't know any spells.
Your spell library contained the following spells:

 Spells                   Type           Power      Damage    Failure   Level
 Kiss of Death            Conj/Necr      0%         2d5       100%        1
 Confusing Touch          Hex            0%         N/A       100%        3
 Gell's Gravitas          Tloc           0%         N/A       100%        3
 Summon Guardian Golem    Hex/Summ       0%         N/A       100%        3
 Teleport Other           Tloc           0%         N/A       100%        3
 Dispel Undead            Necr           0%         3d6       100%        4
 Dispersal                Tloc           0%         N/A       100%        6
 Orb of Destruction       Conj           0%         9d5       100%        7
 Spellforged Servitor     Conj/Summ      0%         N/A       100%        7


Dungeon Overview and Level Annotations

Branches:
Dungeon (4/15)
 Temple: D:4-7

Altars:
Yredelemnul

Shops:
D:2 [


Innate Abilities, Weirdness & Mutations

You have a pair of antennae on your head.
You have sharp fingernails.
You have large cloven feet.


Message History

You hit the orc wizard. You hit the orc.
The orc wizard hits you with a +0 dagger.
The orc hits you with a +0 dagger.
You closely miss the orc. You kick the orc.
The orc is almost dead.
You hit the orc.
You hit the orc wizard but do no damage.
The orc wizard barely misses you. The orc hits you but does no damage. x2
You block the orc's attack.
The orc wizard hits you but does no damage.
The orc hits you but does no damage.
You closely miss the orc. Your kick misses the orc.
The orc is almost dead.
You hit the orc.
You kill the orc!
You closely miss the orc wizard.
The orc wizard hits you but does no damage.
The orc hits you with a +0 short sword.
You slash the orc!
You kill the orc!
You hit the orc wizard. You barely miss the orc. You block the orc's attack.
The orc wizard gestures at you while chanting.
The puff of flame hits you.
* * * LOW HITPOINT WARNING * * *
Unknown command.
You closely miss the orc wizard. Your kick misses the orc wizard.
The orc wizard is moderately wounded.
You slash the orc!
You kill the orc!
The orc wizard hits you with a +0 dagger.
* * * LOW HITPOINT WARNING * * *
The orc wizard hits you but does no damage.
You hit the orc wizard.
The orc wizard is severely wounded.
You block the orc wizard's attack.
You closely miss the orc wizard. You kick the orc wizard.
The orc wizard is severely wounded.
The orc wizard gestures at you while chanting.
The puff of flame hits you!
You die...

#........##
#.#......#
#.###...##
##.######
###.#
##.#.#
#....##
##)....##
#@).....##
##o......#
#.......#
#.......#
#.......#
#.......#
#........
#.........
#.......###


You could see an orc wizard.

Vanquished Creatures
  An orc priest (D:3)
  5 adders
  A gnoll (D:1)
  3 worms
  3 dart slugs
  7 orcs
  8 ball pythons
  4 bats
  5 endoplasms
  2 giant cockroaches
  3 goblins
  3 hobgoblins
  4 jackals (D:1)
  2 quokkas
  4 frilled lizards (D:1)
  5 kobolds
  2 rats
62 creatures vanquished.

Notes
Turn   | Place    | Note
-------+----------+-------------------------------------------
     0 | D:1      | gelatine the Demonspawn Fighter began the quest for the
                  | Orb.
     0 | D:1      | Reached XP level 1. HP: 18/18 MP: 1/1
   269 | D:1      | Discovered your monstrous ancestry.
   269 | D:1      | Gained mutation: You have large cloven feet. [demonic
                  | ancestry]
   269 | D:1      | Reached XP level 2. HP: 18/24 MP: 2/2
   386 | D:1      | You fall into a shaft and drop 1 floor!
   546 | D:1      | Gained mutation: You have a pair of small antennae on your
                  | head. [demonic ancestry]
   546 | D:1      | Reached XP level 3. HP: 28/29 MP: 3/3
   913 | D:2      | Found a faded altar of an unknown god.
   961 | D:2      | Found Xapnelas's Antique Armour Shoppe.
  1555 | D:3      | Gained mutation: You have a pair of antennae on your head.
                  | [demonic ancestry]
  1555 | D:3      | Reached XP level 4. HP: 16/25 MP: 3/5
  1641 | D:3      | Reached skill level 1 in Stealth
  1641 | D:3      | Found a basalt altar of Yredelemnul.
  1797 | D:3      | Reached skill level 1 in Spellcasting
  1913 | D:3      | Gained mutation: You have sharp fingernails. [demonic
                  | ancestry]
  1913 | D:3      | Reached XP level 5. HP: 11/38 MP: 6/6
  2217 | D:4      | Killed from afar by an orc wizard

Illustrated notes

Levels and vault maps discovered:
D:1:      nicolae_arrival_somewhat_less_tricky_arrival, layout_basic,
          minmay_tromino_i4
D:2:      layout_basic, serial_shops, shop, ebering_ecumenical_altar_petrified
D:3:      layout_rooms, mainiacjoe_overflow_catwalk
D:4:      layout_cave_pods, gammafunk_ghost_grave

Skill      XL: |  1  2  3  4 |
---------------+-------------+-----
Axes           | 2 3 |  3.1
Shields        | 3 |  3.2
Armour         | 3 |  3.2
Stealth        | 1 |  1.1
Spellcasting   | 1 |  1.1
Fighting       | |  3.5
Dodging        | |  0.7
Evocations     | |  0.1

Action                     |  1- 3 |  4- 6 || total
---------------------------+-------+-------++-------
  Melee: War axe           |   105 |    67 ||   172
         Kick              |    21 |    16 ||    37
 Armour: Ring mail         |    16 |       ||    16
         Leather armour    |     2 |       ||     2
         Plate armour      |    51 |    59 ||   110
  Dodge: Dodged            |    32 |    14 ||    46
  Block: Buckler           |    34 |    17 ||    51
